TOP OF THE 1ST |
Milwaukee (NYP) Brewers batting - Pitching for State College Spikes : RHP Marcos Vergara
|
Pitching: RHP Marcos Vergara
|
|
Batting: RHB Chris Maul
|
0-0: Ball 1-0: Ground out 5-3 (Groundball, 5, EV 108.8 MPH)
|
Batting: LHB Jason Raker
|
0-0: Ball 1-0: Ball 2-0: Ball 3-0: Base on Balls
|
Batting: SHB Aaron Neill
|
0-0: Ball 1-0: SINGLE (Groundball, 6S, EV 68.8 MPH) (infield hit) Jason Raker to second
|
Batting: RHB Ryan Miller
|
0-0: Ball Jason Raker is caught stealing 3rd base 2-5 Aaron Neill to second 1-0: Called Strike 1-1: Ball 2-1: Ball 3-1: Base on Balls
|
Batting: RHB Jose Cerritos
|
0-0: Ball 1-0: Ground out 3-1 (Groundball, 34, EV 78.8 MPH)
|
Top of the 1st over - 0 runs, 1 hit, 0 errors, 2 left on base; Milwaukee (NYP) 0 - State College 0 |
BOTTOM OF THE 1ST |
State College Spikes batting - Pitching for Milwaukee (NYP) Brewers : RHP Danny Newbegin
|
Pitching: RHP Danny Newbegin
|
|
Batting: RHB Mario Mendoza
|
0-0: Called Strike 0-1: Ball 1-1: Called Strike 1-2: Foul Ball, location: 2F 1-2: Ball 2-2: Ball 3-2: Foul Ball, location: 2F 3-2: Strikes out swinging
|
Batting: RHB Tim Jobe
|
0-0: Called Strike 0-1: SINGLE (Groundball, 34D, EV 111.9 MPH)
|
Batting: LHB Travis Ruppel
|
0-0: Called Strike 0-1: Ball 1-1: Foul Ball, location: 2F 1-2: Strikes out swinging
|
Batting: LHB Jorge Zarazua
|
0-0: Called Strike Tim Jobe steals 2nd, throwing error, E2 Tim Jobe to third 0-1: Ball 1-1: Swinging Strike 1-2: Ball 2-2: Foul Ball, location: 2F 2-2: Strikes out swinging
|
Bottom of the 1st over - 0 runs, 1 hit, 1 error, 1 left on base; Milwaukee (NYP) 0 - State College 0 |
TOP OF THE 2ND |
Milwaukee (NYP) Brewers batting - Pitching for State College Spikes : RHP Marcos Vergara
|
Batting: RHB Leo Serrano
|
0-0: Ball 1-0: Called Strike 1-1: Ball 2-1: Foul Ball, location: 2F 2-2: Foul Ball, location: 2F 2-2: SINGLE (Groundball, 6S, EV 68.1 MPH) (infield hit)
|
Batting: RHB Victor Alarcon
|
0-0: Ball 1-0: Ball 2-0: Called Strike Balk! Leo Serrano to second 2-1: Ball 3-1: Foul Ball, location: 2F 3-2: Strikes out swinging
|
Batting: RHB Drew Forbess
|
0-0: Called Strike 0-1: Foul Ball, location: 2F 0-2: Ball 1-2: Strikes out swinging
|
Batting: RHB Justin Marino
|
0-0: Swinging Strike 0-1: Foul Ball, location: 2F 0-2: Ball 1-2: Ball Wild Pitch! Leo Serrano to third 2-2: Strikes out swinging
|
Top of the 2nd over - 0 runs, 1 hit, 0 errors, 1 left on base; Milwaukee (NYP) 0 - State College 0 |
BOTTOM OF THE 2ND |
State College Spikes batting - Pitching for Milwaukee (NYP) Brewers : RHP Danny Newbegin
|
Batting: RHB Richard Riggs
|
0-0: Fly out, F9 (Flyball, 89M, EV 78.8 MPH)
|
Batting: RHB Robby Hickman
|
0-0: Called Strike 0-1: SINGLE (Groundball, 4MS, EV 65.6 MPH) (infield hit)
|
Batting: RHB Herbert Loveless
|
0-0: Ball 1-0: Called Strike 1-1: Foul Ball, location: 2F 1-2: Ball Robby Hickman is caught stealing 2nd base 2-4 2-2: Strikes out swinging
|
Bottom of the 2nd over - 0 runs, 1 hit, 0 errors, 0 left on base; Milwaukee (NYP) 0 - State College 0 |
TOP OF THE 3RD |
Milwaukee (NYP) Brewers batting - Pitching for State College Spikes : RHP Marcos Vergara
|
Batting: RHB Chris Maul
|
0-0: Ball 1-0: Ball 2-0: Ball 3-0: Base on Balls
|
Batting: LHB Jason Raker
|
0-0: Called Strike 0-1: Ball 1-1: Foul Ball, location: 2F 1-2: Foul Ball, location: 2F 1-2: Fielders Choice at 2nd, 4-6 (Groundball, 4, EV 87.5 MPH)
|
Batting: SHB Aaron Neill
|
0-0: Fielders Choice at 2nd, 5-4 (Groundball, 56, EV 90.6 MPH)
|
Batting: RHB Ryan Miller
|
0-0: Called Strike Aaron Neill steals 2nd base (no throw) 0-1: Foul Ball, location: 2F 0-2: Ball 1-2: Ball 2-2: Fly out, F9 (Line Drive, 9S, EV 98.8 MPH)
|
Top of the 3rd over - 0 runs, 0 hits, 0 errors, 1 left on base; Milwaukee (NYP) 0 - State College 0 |
BOTTOM OF THE 3RD |
State College Spikes batting - Pitching for Milwaukee (NYP) Brewers : RHP Danny Newbegin
|
Batting: RHB Bobby Miles
|
0-0: Fly out, F9 (Flyball, 9LMF, EV 104.4 MPH)
|
Batting: RHB Nick Latulippe
|
0-0: Ball 1-0: Ball 2-0: Called Strike 2-1: Foul Ball, location: 2F 2-2: Ball 3-2: Strikes out looking
|
Batting: RHB Mario Mendoza
|
0-0: Ball 1-0: Foul Ball, location: 2F 1-1: Ball 2-1: Fly out, F8 (Flyball, 8LD, EV 86.2 MPH)
|
Bottom of the 3rd over - 0 runs, 0 hits, 0 errors, 0 left on base; Milwaukee (NYP) 0 - State College 0 |
TOP OF THE 4TH |
Milwaukee (NYP) Brewers batting - Pitching for State College Spikes : RHP Marcos Vergara
|
Batting: RHB Jose Cerritos
|
0-0: Ball 1-0: SINGLE (Line Drive, 78S, EV 94.4 MPH)
|
Batting: RHB Leo Serrano
|
0-0: Ball 1-0: Called Strike 1-1: Swinging Strike 1-2: Strikes out looking
|
Batting: RHB Victor Alarcon
|
0-0: Ball Jose Cerritos steals 2nd base 1-0: Swinging Strike 1-1: Called Strike 1-2: Foul Ball, location: 2F 1-2: Foul Ball, location: 2F 1-2: Strikes out looking
|
Batting: RHB Drew Forbess
|
0-0: Called Strike 0-1: Ball 1-1: Foul Ball, location: 2F 1-2: Ball 2-2: Strikes out swinging
|
Top of the 4th over - 0 runs, 1 hit, 0 errors, 1 left on base; Milwaukee (NYP) 0 - State College 0 |
BOTTOM OF THE 4TH |
State College Spikes batting - Pitching for Milwaukee (NYP) Brewers : RHP Danny Newbegin
|
Batting: RHB Tim Jobe
|
0-0: Fly out, F6 (Line Drive, 6M, EV 68.8 MPH)
|
Batting: LHB Travis Ruppel
|
0-0: Ball 1-0: Foul Ball, location: 2F 1-1: Foul Ball, location: 2F 1-2: Foul Ball, location: 2F 1-2: Strikes out swinging
|
Batting: LHB Jorge Zarazua
|
0-0: Ball 1-0: Called Strike 1-1: Ball 2-1: Ball 3-1: Called Strike 3-2: Fly out, F7 (Flyball, 7LS, EV 83.1 MPH)
|
Bottom of the 4th over - 0 runs, 0 hits, 0 errors, 0 left on base; Milwaukee (NYP) 0 - State College 0 |
TOP OF THE 5TH |
Milwaukee (NYP) Brewers batting - Pitching for State College Spikes : RHP Marcos Vergara
|
Batting: RHB Justin Marino
|
0-0: Called Strike 0-1: Ball 1-1: Hit by Pitch
|
Batting: RHB Chris Maul
|
0-0: Called Strike 0-1: Grounds into double play, 4-6-3 (Groundball, 4, EV 81.9 MPH)
|
Batting: LHB Jason Raker
|
0-0: Ball 1-0: Ground out 6-3 (Groundball, 6, EV 93.1 MPH)
|
Top of the 5th over - 0 runs, 0 hits, 0 errors, 0 left on base; Milwaukee (NYP) 0 - State College 0 |
BOTTOM OF THE 5TH |
State College Spikes batting - Pitching for Milwaukee (NYP) Brewers : RHP Danny Newbegin
|
Batting: RHB Richard Riggs
|
0-0: Foul Ball, location: 2F 0-1: Foul Ball, location: 2F 0-2: Strikes out looking
|
Batting: RHB Robby Hickman
|
0-0: Ball 1-0: Called Strike 1-1: Ball 2-1: Swinging Strike 2-2: Strikes out swinging
|
Batting: RHB Herbert Loveless
|
0-0: Ball 1-0: Called Strike 1-1: Called Strike 1-2: SINGLE (Groundball, 6D, EV 109.4 MPH)
|
Batting: RHB Bobby Miles
|
0-0: Called Strike 0-1: Ball 1-1: Ball 2-1: Foul Ball, location: 2F 2-2: Fly out, F7 (Line Drive, 78M, EV 90.6 MPH)
|
Bottom of the 5th over - 0 runs, 1 hit, 0 errors, 1 left on base; Milwaukee (NYP) 0 - State College 0 |
TOP OF THE 6TH |
Milwaukee (NYP) Brewers batting - Pitching for State College Spikes : RHP Marcos Vergara
|
Batting: SHB Aaron Neill
|
0-0: Ball 1-0: Swinging Strike 1-1: Ball 2-1: Ball 3-1: DOUBLE (Line Drive, 89D, EV 106.2 MPH)
|
Pitching: LHP Willis Escobedo
|
|
Batting: RHB Ryan Miller
|
0-0: Called Strike 0-1: DOUBLE (Line Drive, 5D, EV 99.4 MPH) Aaron Neill scores
|
Batting: RHB Jose Cerritos
|
0-0: Ground out U3 (Groundball, 3, EV 96.2 MPH) Ryan Miller to third
|
Batting: RHB Leo Serrano
|
0-0: Ball 1-0: Ball 2-0: Called Strike 2-1: Ball 3-1: Base on Balls
|
Batting: RHB Victor Alarcon
|
0-0: Foul Ball, location: 2F 0-1: Called Strike Leo Serrano is caught stealing 2nd base 2-4 0-2: Foul Ball, location: 2F 0-2: Foul Ball, location: 2F 0-2: Ball 1-2: Strikes out swinging
|
Top of the 6th over - 1 run, 2 hits, 0 errors, 1 left on base; Milwaukee (NYP) 1 - State College 0 |
BOTTOM OF THE 6TH |
State College Spikes batting - Pitching for Milwaukee (NYP) Brewers : RHP Danny Newbegin
|
Batting: RHB Nick Latulippe
|
0-0: Ground out 6-3 (Groundball, 6M, EV 83.8 MPH)
|
Batting: RHB Mario Mendoza
|
0-0: Ball 1-0: Ball 2-0: Swinging Strike 2-1: Ball 3-1: Called Strike 3-2: Ground out 6-3 (Groundball, 6, EV 90.6 MPH)
|
Batting: RHB Tim Jobe
|
0-0: Called Strike 0-1: Called Strike 0-2: Ball 1-2: Foul Ball, location: 2F 1-2: Fly out, F8 (Flyball, 78D, EV 83.1 MPH)
|
Bottom of the 6th over - 0 runs, 0 hits, 0 errors, 0 left on base; Milwaukee (NYP) 1 - State College 0 |
TOP OF THE 7TH |
Milwaukee (NYP) Brewers batting - Pitching for State College Spikes : LHP Willis Escobedo
|
Batting: RHB Drew Forbess
|
0-0: Called Strike 0-1: Foul Ball, location: 2F 0-2: Foul Ball, location: 2F 0-2: Ball 1-2: Ball 2-2: Strikes out looking
|
Batting: RHB Justin Marino
|
0-0: Called Strike 0-1: Called Strike 0-2: Ball 1-2: Strikes out swinging, 2-3 out at first.
|
Batting: RHB Chris Maul
|
0-0: Ball 1-0: Foul Ball, location: 2F 1-1: Ball 2-1: Ground out U3 (Groundball, 34S, EV 66.2 MPH)
|
Top of the 7th over - 0 runs, 0 hits, 0 errors, 0 left on base; Milwaukee (NYP) 1 - State College 0 |
BOTTOM OF THE 7TH |
State College Spikes batting - Pitching for Milwaukee (NYP) Brewers : RHP Danny Newbegin
|
Batting: LHB Travis Ruppel
|
0-0: Ball 1-0: Ball 2-0: Foul Ball, location: 2F 2-1: DOUBLE (Groundball, 3L, EV 103.1 MPH)
|
Pitching: LHP Iku Yoshino
|
|
Pinch Hitting: RHB Pat Scaturro
|
0-0: Ball 1-0: Ball 2-0: Ground out 6-3 (Groundball, 4M, EV 100.0 MPH) Travis Ruppel to third
|
Pitching: RHP Ed Raleigh
|
|
Batting: RHB Richard Riggs
|
0-0: Foul Ball, location: 2F 0-1: 2-RUN HOME RUN (Flyball, 9D, EV 98.8 MPH), Distance : 371 ft
|
Batting: RHB Robby Hickman
|
0-0: Called Strike 0-1: Ball 1-1: Foul Ball, location: 2F 1-2: SINGLE (Groundball, 4MD, EV 103.1 MPH)
|
Batting: RHB Herbert Loveless
|
0-0: Called Strike 0-1: Swinging Strike 0-2: Foul Ball, location: 2F 0-2: Fly out, F8 (Line Drive, 8LM, EV 102.5 MPH)
|
Batting: RHB Bobby Miles
|
0-0: Foul Ball, location: 2F 0-1: Foul Ball, location: 2F 0-2: Strikes out swinging
|
Bottom of the 7th over - 2 runs, 3 hits, 0 errors, 1 left on base; Milwaukee (NYP) 1 - State College 2 |
TOP OF THE 8TH |
Milwaukee (NYP) Brewers batting - Pitching for State College Spikes : LHP Willis Escobedo
|
Now at 1B: Billy Lang
|
|
Batting: LHB Jason Raker
|
0-0: Foul Ball, location: 2F 0-1: Foul Ball, location: 2F 0-2: Ball 1-2: Strikes out swinging
|
Batting: SHB Aaron Neill
|
0-0: Called Strike 0-1: Called Strike 0-2: Ball 1-2: Fly out, F8 (Flyball, 8RM, EV 86.2 MPH)
|
Pitching: RHP Matt Doucet
|
|
Batting: RHB Ryan Miller
|
0-0: Swinging Strike 0-1: Ball 1-1: Swinging Strike 1-2: Foul Ball, location: 2F 1-2: DOUBLE (Flyball, 8LXD, EV 95.6 MPH)
|
Batting: RHB Jose Cerritos
|
0-0: Foul Ball, location: 2F 0-1: Swinging Strike 0-2: Ball 1-2: Foul Ball, location: 2F 1-2: Ball 2-2: Strikes out swinging
|
Top of the 8th over - 0 runs, 1 hit, 0 errors, 1 left on base; Milwaukee (NYP) 1 - State College 2 |
BOTTOM OF THE 8TH |
State College Spikes batting - Pitching for Milwaukee (NYP) Brewers : RHP Ed Raleigh
|
Batting: RHB Nick Latulippe
|
0-0: Ball 1-0: Foul Ball, location: 2F 1-1: Ball 2-1: Called Strike 2-2: Ball 3-2: Base on Balls
|
Batting: RHB Mario Mendoza
|
0-0: Called Strike 0-1: Ball Nick Latulippe steals 2nd, throwing error, E2 Nick Latulippe to third 1-1: Ground out 4-3 (Groundball, 4, EV 81.9 MPH)
|
Batting: RHB Tim Jobe
|
0-0: Called Strike 0-1: Ball 1-1: Swinging Strike 1-2: Ball 2-2: Fly out, F9 (Flyball, 9LS, EV 92.5 MPH) Runner from 3rd tags up, SCORES, throw by RF
|
Pitching: LHP Dean Byrne
|
|
Batting: LHB Travis Ruppel
|
0-0: Called Strike 0-1: SINGLE (Line Drive, 34D, EV 98.8 MPH)
|
Batting: LHB Billy Lang
|
0-0: Called Strike 0-1: Ball Wild Pitch! Travis Ruppel to second 1-1: Ball 2-1: Swinging Strike 2-2: Foul Ball, location: 2F 2-2: Ball 3-2: Fly out, F9 (Flyball, 9LS, EV 91.9 MPH)
|
Bottom of the 8th over - 1 run, 1 hit, 1 error, 1 left on base; Milwaukee (NYP) 1 - State College 3 |
TOP OF THE 9TH |
Milwaukee (NYP) Brewers batting - Pitching for State College Spikes : RHP Matt Doucet
|
Pitching: RHP Pabiyan Vetlitsky
|
|
Batting: RHB Leo Serrano
|
0-0: Ground out 6-3 (Groundball, P, EV 85.0 MPH)
|
Pinch Hitting: SHB Orlando Torres
|
0-0: Ball 1-0: Fly out, F7 (Flyball, 78S, EV 97.5 MPH)
|
Pinch Hitting: LHB Tyler Francis
|
0-0: Called Strike 0-1: Foul Ball, location: 2F 0-2: Fly out, F8 (Line Drive, 78S, EV 93.1 MPH)
|
Top of the 9th over - 0 runs, 0 hits, 0 errors, 0 left on base; Milwaukee (NYP) 1 - State College 3 |
|